 Dungeon Sprint DCSS version 0.22-a0-351-g29664b4 (webtiles) character file.

4200000 Kairos the Formicid Barricade (level 27, -31/249 HPs)
             Began as a Formicid Fighter on Apr 12, 2018.
             Was the Champion of Makhleb.
             Annihilated by a destroyer
             ... wielding a +9 great sword of slicing
              (93 damage)
             ... in the Dungeon (Sprint VIII: "Arena of Blood").
             The game lasted 00:05:16 (42 turns).

Kairos the Formicid Barricade (Formicid Fighter)      Turns: 42, Time: 00:05:16

Health: -31/249    AC: 13    Str: 24    XL:     27
Magic:  26/54      EV: 30    Int: 11    God:    Makhleb [******]
Gold:   0          SH: 19    Dex: 17    Spells: 80/80 levels left

rFire    . . .     SeeInvis +   l - +∞ Axe of Woe
rCold    . . .     Gourm    .   c - +0 shield
rNeg     . . .     Faith    .   b - +0 scale mail
rPois    .         Spirit   .   (helmet unavailable)
rElec    .         Reflect  .   (no cloak)
rCorr    .         Harm     .   (no gloves)
MR       ++...                  (no boots)
Stlth    ++++++++..             (no amulet)
HPRegen  0.51/turn              m - +30 ring of slaying
MPRegen  0.34/turn              o - +200 ring of slaying

@: no status effects
A: permanent stasis, dig shafts and tunnels, four strong arms, antennae 3
a: Dig, Minor Destruction, Lesser Servant of Makhleb, Major Destruction, Greater
Servant of Makhleb, Renounce Religion


You were in the Dungeon.
You worshipped Makhleb.
Makhleb was exalted by your worship.
You were not hungry.

You visited 1 branch

Inventory:

Hand Weapons
 a - a +0 flail
 l - the +∞ Axe of Woe (weapon)
   (You found it in the Dungeon)
Armour
 b - a +0 scale mail (worn)
 c - a +0 shield (worn)
Jewellery
 m - a +30 ring of slaying (left hand)
 n - a +30 ring of slaying
 o - a +200 ring of slaying (right hand)
Scrolls
 k - a scroll of blinking
Potions
 d - a potion of might
 e - a potion of curing
 g - a potion of heal wounds
 h - a potion of haste
 i - 2 potions of magic
 j - a potion of berserk rage
Comestibles
 f - a ration


   Skills:
 O Level 27 Fighting
 O Level 27 Axes
 O Level 27 Maces & Flails
 O Level 27 Throwing
 O Level 27 Armour
 O Level 27 Dodging
 O Level 27 Stealth
 O Level 27 Shields
 O Level 27 Unarmed Combat
 O Level 27 Spellcasting
 O Level 27 Invocations


You had 80 spell levels left.
You didn't know any spells.

Dungeon Overview and Level Annotations

Branches:
Dungeon (1/1)

Altars:
Makhleb

Annotations:
D 1 exclusion


Innate Abilities, Weirdness & Mutations

You cannot be hasted, slowed, berserked, paralysed or teleported.
You can dig through walls and to a lower floor.
Your four strong arms can wield two-handed weapons with a shield.
You have a pair of large antennae on your head. (SInv)


Message History

The destroyer blinks!
The bag of meat shouts!
An orc, 3 large abominations and a vampire knight come into view.
The destroyer is wielding a +9 great sword of slicing.
You remove your +30 ring of slaying.
The bag of meat shouts!
You hear a shout! x7
The corpses meld into agglomerations of writhing flesh!
The bag of meat hits you with a +9 war axe!!
You hear a shout!
o - a +200 ring of slaying (right hand)
You hear a shout! x2
The destroyer is engulfed in blazing flames.
The large bag of meat is engulfed in blazing flames.
The large bag of meat hits you with a +9 giant spiked club!!!!
The large bag of meat hits you with a +9 giant spiked club!!!
* * * LOW HITPOINT WARNING * * *
You hear a shout!
The destroyer is engulfed in blazing flames.
The destroyer hits you with a +9 great sword of slicing!!!!
You die...

#.. ..# o.....###...
..###.
..o.......{###......
...#z......._%....
.#.......#.....#
...V.%...#_§<._# .
#..Vo.§z#%....#....
o.o#..OoOXV._.%.%...
O.o....@VVo###......
.o...V###oV)X...###o
.o... #{X)V%%.# ....
#§)xX...# ...
...§{X..... #.
.....{....... .
..........{O...
..............#
.%..#........#.


You could see 8 destroyers, 2 sculptors of flesh, 2 large bags of meat, 5 large
abominations, 2 meat berserkers, a small abomination and 11 bags of meat.

Vanquished Creatures
  A vampire knight (D)
  9 ogres (D)
  4 two-headed ogres (D)
  31 orcs (D)
45 creatures vanquished.

Notes
Turn   | Place    | Note
-------+----------+-------------------------------------------
     0 | D        | Found the +∞ Axe of Woe
     0 | D        | Kairos the Formicid Fighter began the quest for the Orb.
     0 | D        | Reached XP level 1. HP: 18/18 MP: 1/1
     3 | D        | Noticed a bag of meat
     4 | D        | Noticed a bag of meat
     4 | D        | Became a worshipper of Makhleb the Destroyer
     6 | D        | Noticed a bag of meat
     6 | D        | Noticed a bag of meat
     8 | D        | Noticed a bag of meat
     8 | D        | Killed a bag of meat
     8 | D        | Reached XP level 2. HP: 47/47 MP: 2/2
     8 | D        | Reached XP level 3. HP: 53/53 MP: 3/3
     8 | D        | Reached XP level 4. HP: 60/60 MP: 4/4
     8 | D        | Reached XP level 5. HP: 67/67 MP: 5/5
     8 | D        | Reached XP level 6. HP: 74/74 MP: 6/6
     8 | D        | Reached XP level 7. HP: 80/80 MP: 7/7
     8 | D        | Reached XP level 8. HP: 87/87 MP: 8/8
     8 | D        | Reached XP level 9. HP: 94/94 MP: 9/9
     8 | D        | Reached XP level 10. HP: 101/101 MP: 10/10
     8 | D        | Reached XP level 11. HP: 107/107 MP: 11/11
     8 | D        | Reached XP level 12. HP: 114/114 MP: 12/12
     8 | D        | Killed a bag of meat
     8 | D        | Reached * piety under Makhleb
     8 | D        | Reached skill level 5 in Axes
     8 | D        | Reached skill level 10 in Maces & Flails
     8 | D        | Reached XP level 13. HP: 127/127 MP: 13/13
     9 | D        | Noticed a bag of meat
     9 | D        | Noticed a bag of meat
     9 | D        | Noticed a meat berserker
     9 | D        | Killed a bag of meat
     9 | D        | Reached XP level 14. HP: 138/138 MP: 14/14
    10 | D        | Noticed a bag of meat
    10 | D        | Noticed a large bag of meat
    10 | D        | Noticed a meat berserker
    10 | D        | Noticed a meat berserker
    10 | D        | Noticed a bag of meat
    10 | D        | Noticed a bag of meat
    11 | D        | Noticed a meat berserker
    11 | D        | Noticed a bag of meat
    11 | D        | Noticed a bag of meat
    12 | D        | Noticed a bag of meat
    12 | D        | Noticed a meat berserker
    12 | D        | Killed a bag of meat
    12 | D        | Reached XP level 15. HP: 146/146 MP: 15/15
    13 | D        | Killed a meat berserker
    13 | D        | Reached ** piety under Makhleb
    13 | D        | Reached XP level 16. HP: 91/159 MP: 16/16
    13 | D        | Killed a meat berserker
    13 | D        | Reached skill level 27 in Shields
    13 | D        | Killed a meat berserker
    13 | D        | Reached skill level 27 in Fighting
    13 | D        | Reached skill level 27 in Armour
    13 | D        | Reached XP level 17. HP: 174/174 MP: 17/17
    14 | D        | Noticed a meat berserker
    14 | D        | Killed a meat berserker
    14 | D        | Reached *** piety under Makhleb
    14 | D        | Reached XP level 18. HP: 182/182 MP: 18/18
    14 | D        | Reached skill level 5 in Dodging
    14 | D        | Reached skill level 27 in Axes
    14 | D        | Reached **** piety under Makhleb
    14 | D        | Reached XP level 19. HP: 189/189 MP: 19/19
    15 | D        | Noticed a meat berserker
    16 | D        | Reached skill level 27 in Maces & Flails
    17 | D        | Noticed a large bag of meat
    17 | D        | Noticed a meat berserker
    17 | D        | Killed a meat berserker
    17 | D        | Reached XP level 20. HP: 197/197 MP: 20/20
    17 | D        | Killed a large bag of meat
    17 | D        | Reached ***** piety under Makhleb
    17 | D        | Reached skill level 27 in Dodging
    17 | D        | Reached XP level 21. HP: 204/204 MP: 21/21
    21 | D        | Reached skill level 10 in Invocations
    21 | D        | Killed a meat berserker
    21 | D        | Killed a meat berserker
    21 | D        | Reached skill level 15 in Throwing
    21 | D        | Reached skill level 15 in Unarmed Combat
    21 | D        | Reached skill level 15 in Spellcasting
    21 | D        | Reached XP level 22. HP: 212/212 MP: 21/41
    23 | D        | Noticed a destroyer
    25 | D        | Noticed a large bag of meat
    26 | D        | Noticed a large bag of meat
    26 | D        | Killed a large bag of meat
    26 | D        | Reached ****** piety under Makhleb
    26 | D        | Killed a meat berserker
    26 | D        | Reached XP level 23. HP: 219/219 MP: 22/47
    26 | D        | Reached skill level 27 in Stealth
    27 | D        | Reached XP level 24. HP: 227/227 MP: 22/50
    27 | D        | Reached skill level 27 in Invocations
    29 | D        | Reached skill level 27 in Throwing
    29 | D        | Reached skill level 27 in Unarmed Combat
    29 | D        | Reached skill level 27 in Spellcasting
    29 | D        | Reached XP level 25. HP: 234/234 MP: 22/54
    32 | D        | Killed a large bag of meat
    34 | D        | Noticed a destroyer
    34 | D        | Noticed a large bag of meat
    34 | D        | Noticed a destroyer
    35 | D        | Noticed a destroyer
    35 | D        | Noticed a destroyer
    35 | D        | Reached XP level 26. HP: 242/242 MP: 24/54
    37 | D        | Killed a destroyer
    38 | D        | Killed a large bag of meat
    38 | D        | Reached XP level 27. HP: 249/249 MP: 25/54
    39 | D        | Noticed a destroyer
    39 | D        | Noticed a destroyer
    39 | D        | Noticed a destroyer
    41 | D        | Noticed a destroyer
    42 | D        | Annihilated by a destroyer

Vault maps used:
D:        meatsprint

Skill      XL: |  1  2  3  4  5  6  7  8  9 10 11 12 13 14 15 16 17 18 19 20 21 22 23 24 |
---------------+-------------------------------------------------------------------------+-----
Fighting       | 17 19 21 22 24 27 | 27.0
Axes           | 4 5 7 9 11 18 23 27 | 27.0
Maces & Flails | 8 10 11 12 16 18 23 27 | 27.0
Armour         | 16 19 20 21 23 27 | 27.0
Shields        | 18 20 22 23 26 27 | 27.0
Dodging        | 2 4 8 20 27 | 27.0
Throwing       | 15 20 23 27 | 27.0
Stealth        | 19 25 27 | 27.0
Unarmed Combat | 15 20 23 27 | 27.0
Spellcasting   | 15 20 23 27 | 27.0
Invocations    | 17 23 26 27 | 27.0

Action                   |  1- 3 |  4- 6 |  7- 9 | 10-12 | 13-15 | 16-18 | 19-21 | 22-24 | 25-27 || total
-------------------------+-------+-------+-------+-------+-------+-------+-------+-------+-------++-------
Melee: Executioner's axe |     1 |       |       |       |     3 |     1 |     4 |     5 |     6 ||    20
Armor: Scale mail        |       |       |       |       |       |       |       |       |     2 ||     2
Dodge: Dodged            |       |       |       |       |       |       |       |     2 |     1 ||     3
Block: Shield            |       |       |       |       |     1 |       |     3 |     4 |     3 ||    11

Table legend:
 A = Spawn XP
 B = Non-spawn XP
 C = Spawn XP percentage of total XP
 D = Spawn monster count
 E = Non-spawn monster count
 F = Spawn count percentage of total count
 G = Total turns spent on level
                    A         B        C        D         E        F      G
               +---------+---------+-------+---------+---------+-------+---------
         Total |       0 | 1083288 |   0.0 |       0 |      45 |   0.0 |    42
               +---------+---------+-------+---------+---------+-------+---------
             D |       0 | 1083288 |   0.0 |       0 |      45 |   0.0 |    42
               +---------+---------+-------+---------+---------+-------+---------
